 Dungeon Crawl Stone Soup version 0.23-a0-78-gc252fe1 (webtiles) character file.

217 galech the Covered (level 5, -2/41 HPs)
             Began as a Demonspawn Fighter on Aug 10, 2018.
             Slain by a sky beast (6 damage)
             ... on level 3 of the Dungeon.
             The game lasted 00:03:33 (2954 turns).

galech the Covered (Demonspawn Fighter)             Turns: 2954, Time: 00:03:34

Health: -2/41      AC: 10    Str: 17    XL:     5   Next: 61%
Magic:  5/5        EV:  7    Int:  9    God:
Gold:   55         SH:  9    Dex: 13    Spells: 4/4 levels left

rFire    . . .     SeeInvis .   a - +0 war axe
rCold    . . .     Gourm    .   c - +0 shield
rNeg     . . .     Faith    .   b - +0 scale mail
rPois    .         Spirit   .   (helmet restricted)
rElec    .         Reflect  .   l - +0 cloak (curse)
rCorr    .         Harm     .   (no gloves)
MR       .....                  (no boots)
Stlth    ..........             (no amulet)
HPRegen  0.13/turn              (no ring)
MPRegen  0.09/turn              (no ring)

@: no status effects
A: horns 1, thin metallic scales 1
a: no special abilities


You were on level 3 of the Dungeon.
You were not hungry.

You visited 1 branch of the dungeon, and saw 3 of its levels.

You collected 55 gold pieces.

Inventory:

Hand Weapons
 a - a +0 war axe (weapon)
Armour
 b - a +0 scale mail (worn)
 c - a +0 shield (worn)
 l - a cursed +0 cloak (worn)
Jewellery
 p - an uncursed ring of stealth {unknown}
Scrolls
 e - 2 scrolls of enchant armour {unknown}
 g - 2 scrolls of remove curse {unknown}
 k - a scroll of fog {unknown}
 m - a scroll of identify {unknown}
 n - 2 scrolls of teleportation {unknown}
 o - 2 scrolls of amnesia {unknown}
Potions
 d - a potion of might
 h - 3 potions of curing {unknown}
 j - 2 potions of agility {unknown}
Comestibles
 f - 3 rations
 i - a chunk of flesh


   Skills:
 + Level 3.6 Fighting
 + Level 3.2 Axes
 + Level 3.7 Armour
 + Level 1.2 Dodging
 + Level 0.5 Stealth
 + Level 3.5 Shields


You had 4 spell levels left.
You didn't know any spells.
Your spell library was empty.

Dungeon Overview and Level Annotations

Branches:
Dungeon (3/15)

Altars:
Ru
Zin


Innate Abilities, Weirdness & Mutations

You have a pair of small horns on your head.
You are partially covered in thin metallic scales. (AC +2)


Message History

The sky beast closely misses you. The orc hits you but does no damage.
The sky beast hits you but does no damage.
Unknown command.
You closely miss the sky beast.
The sky beast is moderately wounded.
You closely miss the orc. The orc closely misses you.
The sky beast hits you but does no damage.
You hit the sky beast but do no damage.
The sky beast is moderately wounded.
You hit the orc.
You feel sick.
You are no longer poisoned.
The orc hits you with a club.
* * * LOW HITPOINT WARNING * * *
The sky beast flickers out of sight!
Deactivating autopickup; reactivate with Ctrl-A.
Something hits you but does no damage. The orc hits you but does no damage.
Something hits you.
* * * LOW HITPOINT WARNING * * *
Something shocks you.
You die...

### ... .# ##.# .## ##
##...# ..# #.
##....≈##.# #.
#......{#.# #.
...._.≈@..#############.
#......o#...............
##.....###..............
##...##..............#.
##.##.................
#..................##
##.........(.......#
#.................##
#<...........######.


You could see an orc.

Vanquished Creatures
  A hound skeleton (D:3)
  5 adders
  9 gnolls
  An ooze (D:2)
  2 worms (D:2)
  2 dart slugs (D:3)
  3 leopard geckos
  3 ball pythons
  3 bats
  2 giant cockroaches
  6 hobgoblins
  4 jackals (D:1)
  A quokka (D:2)
  4 frilled lizards
  5 goblins
  5 kobolds
  10 rats
66 creatures vanquished.

Notes
Turn   | Place    | Note
-------+----------+-------------------------------------------
     0 | D:1      | galech the Demonspawn Fighter began the quest for the Orb.
     0 | D:1      | Reached XP level 1. HP: 18/18 MP: 1/1
   176 | D:1      | Gained mutation: You are partially covered in thin metallic scales. (AC +2) [demonic ancestry]
   176 | D:1      | Reached XP level 2. HP: 9/24 MP: 2/2
   575 | D:1      | Reached XP level 3. HP: 24/29 MP: 3/3
  1077 | D:2      | Reached XP level 4. HP: 30/35 MP: 4/4
  1109 | D:2      | Found a glowing silver altar of Zin.
  1118 | D:2      | Reached skill level 1 in Dodging
  2157 | D:2      | Gained mutation: You have a pair of small horns on your head. [demonic ancestry]
  2157 | D:2      | Reached XP level 5. HP: 17/41 MP: 5/5
  2943 | D:3      | Noticed a sky beast
  2944 | D:3      | Found a sacrificial altar of Ru.
  2954 | D:3      | Slain by a sky beast

Vault maps used:
D:1:      dpeg_arrival_water_temple_mockup
D:2:      lemuel_round_altar
D:3:      eat_drink_and_be_merry_uskayaw, lemuel_round_altar, first_ration

Skill      XL: |  1  2  3  4  5 |
---------------+----------------+-----
Axes           | 2 3 |  3.2
Armour         | 3 |  3.7
Shields        | 3 |  3.5
Dodging        | 1 |  1.2
Fighting       | |  3.6
Stealth        | |  0.5

Action                   |  1- 3 |  4- 6 || total
-------------------------+-------+-------++-------
Melee: War axe           |   124 |   115 ||   239
       Headbutt          |       |     6 ||     6
  Eat: Chunk             |     1 |     6 ||     7
Armor: Scale mail        |    75 |    83 ||   158
Dodge: Dodged            |    51 |    46 ||    97
Block: Shield            |    85 |    79 ||   164

Table legend:
 A = Non-vault XP
 B = Vault XP
 C = Vault XP percentage of total XP
 D = Non-vault monster count
 E = Vault monster count
 F = Vault count percentage of total count
 G = Total turns spent on level
                 A         B        C        D         E       F
            +---------+---------+-------+---------+---------+-------
      Total |     310 |       0 |   0.0 |      66 |       0 |   0.0
            +---------+---------+-------+---------+---------+-------
        D:1 |      78 |       0 |   0.0 |      23 |       0 |   0.0
        D:2 |     153 |       0 |   0.0 |      28 |       0 |   0.0
        D:3 |      79 |       0 |   0.0 |      15 |       0 |   0.0
            +---------+---------+-------+---------+---------+-------
